Devils vs Nordiques

Created - 27 avril 2016 at 23:27

Goals
1 2 3 T
Devils 1 2 1 4
Nordiques 1 1 0 2
Shots
1 2 3 T
Devils 15 9 7 31
Nordiques 12 9 4 25

1st period

1. Devils , Logan Couture 12 (Evgeny Artyukhin, Greg Zanon) at 15:00
2. Nordiques , Vaclav Prospal 17 (Dustin Byfuglien, Kristopher Letang) at 15:36

Penalties :
Rich Peverley (Que) for Hooking (Minor) at 10:18, R.J. Umberger (Que) for Slashing (Double Minor) at 18:25

2nd period

3. Devils , Vincent Lecavalier 28 (Greg Zanon, James Reimer) at 8:41
4. Nordiques , Toni Lydman 2 (Matt Moulson) at 10:55
5. Devils , Brett Maclean 9 (Logan Couture, Evgeny Artyukhin) at 17:03

Penalties :
Toni Lydman (Que) for Charging (Minor) at 12:34

3rd period

6. Devils , Evgeny Artyukhin 9 (Brent Sopel) at 5:28

Penalties :
Mark Eaton (Que) for Tripping (Minor) at 7:15, Toni Lydman (Que) for Hooking (Minor) at 9:11, Fedor Tyutin (Que) for Hooking (Minor) at 14:52, Niklas Kronwall (Que) for Roughing (Minor) at 19:50

Goalie Stats

James Reimer (NJD), 23 saves from 25 shots - (0,920), W, 18-15-6, 60:00 minutes
Julien Ellis (Que), 27 saves from 31 shots - (0,871), L, 3-3-0, 60:00 minutes

Players Stats for Devils

Player Name              G  A  P  +/- PIM S  H  SB GA TA FO     MP     PP MP  PK MP  
------------------------------------------------------------------------------------
Alexandre Burrows        0  0  0  -1  0   1  0  0  0  0  0/0    12:07   0:05   0:00 
Brad Richardson          0  0  0   1  0   1  1  0  0  0  0/1    10:22   0:25   0:00 
Brent Sopel              0  1  1   0  0   3  0  1  0  2  0/0    25:02   6:34   0:00 
Brett Maclean            1  0  1   3  0   4  2  1  1  1  0/0    22:41   6:02   0:00 
Bryce Salvador           0  0  0   2  0   1  1  1  0  0  0/0    13:36   0:56   0:00 
Chris Mcallister         0  0  0   0  0   0  2  0  0  0  0/0     2:06   0:00   0:00 
Evgeny Artyukhin         1  2  3   2  0   3  4  1  0  0  0/0    18:43   6:02   0:00 
Greg Zanon               0  2  2   2  0   0  1  1  1  1  0/0    26:35   7:26   0:00 
J.T. Brown               0  0  0  -1  0   2  5  0  0  1  0/0    11:21   0:16   0:00 
Jamie Lundmark           0  0  0  -1  0   1  1  1  1  0  1/5    10:51   0:00   0:00 
Jordan Eberle            0  0  0   0  0   3  3  0  1  0  0/3    22:18   7:42   0:00 
Karl Alzner              0  0  0   2  0   0  0  1  0  0  0/0    25:37   7:26   0:00 
Kyle Cumiskey            0  0  0  -2  0   1  3  1  1  0  0/0    24:14   5:38   0:00 
Logan Couture            1  1  2   2  0   4  2  1  1  0  11/19  19:02   7:42   0:00 
Mike Komisarek           0  0  0   0  0   0  0  4  0  0  0/0     4:10   0:00   0:00 
Steve Ott                0  0  0   1  0   0  2  0  0  0  1/4     7:39   0:00   0:00 
Vincent Lecavalier       1  0  1   0  0   4  4  0  0  0  12/23  21:05   6:02   0:00 
Zach Parise              0  0  0   0  0   3  1  0  3  0  1/3    22:31   7:44   0:00 

Players Stats for Nordiques

Player Name              G  A  P  +/- PIM S  H  SB GA TA FO     MP     PP MP  PK MP  
------------------------------------------------------------------------------------
Alexei Kovalev           0  0  0   0  0   2  1  0  0  0  0/0    11:10   0:00   0:12 
Chris Drury              0  0  0   0  0   3  2  0  0  0  18/26  18:25   0:00   4:46 
Dustin Byfuglien         0  1  1  -2  0   2  2  0  0  0  0/0    13:29   0:00   0:00 
Fedor Tyutin             0  0  0   0  2   1  2  2  0  1  0/0    26:22   0:00   7:14 
Jarret Stoll             0  0  0   0  0   0  0  0  0  0  1/1     8:46   0:00   2:14 
Kristopher Letang        0  1  1   0  0   2  0  0  0  0  0/0    10:37   0:00   2:57 
Kyle Calder              0  0  0  -2  0   4  1  0  0  2  0/0    16:50   0:00   2:49 
Mark Eaton               0  0  0   0  2   0  3  0  0  1  0/0    22:17   0:00   6:44 
Matt Moulson             0  1  1   0  0   0  2  0  0  0  0/0    10:16   0:00   0:00 
Miroslav Satan           0  0  0   0  0   3  1  0  1  0  1/2    19:14   0:00   3:33 
Niclas Wallin            0  0  0  -2  0   0  2  1  0  1  0/0    20:25   0:00   1:49 
Niklas Kronwall          0  0  0  -2  2   0  1  1  0  2  0/0    20:09   0:00   4:39 
Nikolai Kulemin          0  0  0   0  0   1  1  0  0  0  0/1     5:59   0:00   0:00 
Pascal Dupuis            0  0  0   0  0   1  2  2  0  0  2/5    13:32   0:00   5:17 
R.J. Umberger            0  0  0   0  4   0  3  0  0  1  4/12   21:43   0:00   5:37 
Rich Peverley            0  0  0   0  2   3  2  0  0  0  2/4    10:18   0:00   0:00 
Toni Lydman              1  0  1   0  4   1  3  1  2  1  0/0    19:16   0:00   4:32 
Vaclav Prospal           1  0  1  -2  0   2  0  0  2  0  4/7    17:02   0:00   3:33 

3 Stars

1 - Evgeny Artyukhin (NJD)
2 - Logan Couture (NJD)
3 - Brett Maclean (NJD)

Power Play

Devils - 0 on 8 Attempt(s) - 0,00%
Nordiques - 0 on 0 Attempt(s) - 0,00%

Penalty Kill

Devils - 0 on 0 Attempt(s) - 0,00% - Score 0 goal in Penalty Kill
Nordiques - 8 on 8 Attempt(s) - 100,00% - Score 0 goal in Penalty Kill

Team Stat

Devils - Hits : 32 - Faceoff Wins : 26 - Blocked Shots : 13 - Penalty Minutes : 0
Nordiques - Hits : 28 - Faceoff Wins : 32 - Blocked Shots : 7 - Penalty Minutes : 16

Official

Referees : Rehman Kyle and McCreary Bill
Linesman : Michel Cormier and Mike Cvik

Game Notes

Mike Komisarek is injured at 8:45 of 1st period (Bruised Right Shoulder)
Kristopher Letang is injured at 2:29 of 2nd period (Strained Left Knee)
Chris Drury is injured at 7:47 of 3rd period (Broken Bone (Left Ankle))

Finance

Level 1 -- Attendance: 2983 (49,72%) -- Ticket Income 357 960 $
Level 2 -- Attendance: 2907 (58,14%) -- Ticket Income 218 025 $
Level 3 -- Attendance: 884 (44,20%) -- Ticket Income 44 200 $
Level 4 -- Attendance: 1686 (42,15%) -- Ticket Income 67 440 $
Luxury Box -- Attendance: 699 (69,90%) -- Ticket Income 125 820 $
Game was played at the Centre Videotron.
Total Attendance: 9159 (50,88%)
Total Ticket Income: 813 445 $
Other Income: 122 017 $
Total Income: 935 462 $

Devils

5 vs 5 Forward 
   Center                   Left Wing                Right Wing               Time % Phy DF OF 
 1 Vincent Lecavalier       Zach Parise              Jordan Eberle            40     1   2  2  
 2 Logan Couture            Brett Maclean            Evgeny Artyukhin         30     1   2  2  
 3 Steve Ott                Brett Maclean            Brad Richardson          20     1   2  2  
 4 Jamie Lundmark           Alexandre Burrows        J.T. Brown               10     1   2  2  

5 vs 5 Defense 
   Defense                  Defense                                           Time % Phy DF OF 
 1 Brent Sopel              Mike Komisarek                                    40     1   2  2  
 2 Greg Zanon               Karl Alzner                                       30     1   2  2  
 3 Kyle Cumiskey            Bryce Salvador                                    20     1   2  2  
 4 Mike Komisarek           Greg Zanon                                        10     1   2  2  

PowerPlay Forward 
   Center                   Left Wing                Right Wing               Time % Phy DF OF 
 1 Logan Couture            Zach Parise              Jordan Eberle            60     1   2  2  
 2 Vincent Lecavalier       Brett Maclean            Evgeny Artyukhin         40     1   2  2  

PowerPlay Defense
   Defense                  Defense                                           Time % Phy DF OF 
 1 Karl Alzner              Greg Zanon                                        60     1   2  2  
 2 Mike Komisarek           Brent Sopel                                       40     1   2  2  

Penalty Kill 4 Players Forward 
   Center                   Wing                     Time % Phy DF OF 
 1 Steve Ott                Evgeny Artyukhin         60     1   2  2  
 2 Vincent Lecavalier       Chris Mcallister         40     1   2  2  

Penalty Kill 4 Players Defense
   Defense                  Defense                  Time % Phy DF OF 
 1 Brent Sopel              Greg Zanon               60     1   2  2  
 2 Bryce Salvador           Mike Komisarek           40     1   2  2  

Penalty Kill - 3 Players Forward 
   Forward                                           Time % Phy DF OF 
 1 Zach Parise                                       60     1   2  2  
 2 Vincent Lecavalier                                40     1   2  2  

Penalty Kill - 3 Players Defense
   Defense                  Defense                  Time % Phy DF OF 
 1 Brent Sopel              Greg Zanon               60     1   2  2  
 2 Bryce Salvador           Mike Komisarek           40     1   2  2  

4 vs 4 Forward 
   Center                   Wing                     Time % Phy DF OF 
 1 Logan Couture            Zach Parise              60     1   2  2  
 2 Vincent Lecavalier       Chris Mcallister         40     1   2  2  

4 vs 4 Defense
   Defense                  Defense                  Time % Phy DF OF 
 1 Brent Sopel              Karl Alzner              60     1   2  2  
 2 Bryce Salvador           Greg Zanon               40     1   2  2  

Last Minutes Offensive
   Center                   Left Wing                Right Wing               Defense                  Defense                  
   Vincent Lecavalier       Zach Parise              Jordan Eberle            Brent Sopel              Greg Zanon               

Last Minutes Defensive
   Center                   Left Wing                Right Wing               Defense                  Defense                  
   Vincent Lecavalier       Zach Parise              Jordan Eberle            Brent Sopel              Greg Zanon               

Goaltenders
Starting : James Reimer             
Backup : Evgeni Nabokov           

Extra Forwards
Normal : Evgeny Artyukhin, Brad Richardson, Alexandre Burrows - PP : Evgeny Artyukhin, Brad Richardson - PK : Alexandre Burrows
Extra Defensemen
Normal : Kyle Cumiskey, Karl Alzner, Bryce Salvador - PP : Kyle Cumiskey - PK : Karl Alzner, Bryce Salvador
Penalty Shots
Zach Parise, Logan Couture, Jordan Eberle, Chris Mcallister, Evgeny Artyukhin

Nordiques

5 vs 5 Forward 
   Center                   Left Wing                Right Wing               Time % Phy DF OF 
 1 Chris Drury              R.J. Umberger            Miroslav Satan           40     1   2  2  
 2 Vaclav Prospal           Kyle Calder              Dustin Byfuglien         30     1   2  2  
 3 Rich Peverley            Matt Moulson             Alexei Kovalev           20     1   2  2  
 4 Jarret Stoll             Nikolai Kulemin          Pascal Dupuis            10     1   2  2  

5 vs 5 Defense 
   Defense                  Defense                                           Time % Phy DF OF 
 1 Fedor Tyutin             Kristopher Letang                                 40     1   2  2  
 2 Mark Eaton               Toni Lydman                                       30     1   2  2  
 3 Niclas Wallin            Niklas Kronwall                                   20     1   2  2  
 4 Fedor Tyutin             Kristopher Letang                                 10     1   2  2  

PowerPlay Forward 
   Center                   Left Wing                Right Wing               Time % Phy DF OF 
 1 Chris Drury              R.J. Umberger            Miroslav Satan           60     1   2  2  
 2 Vaclav Prospal           Kyle Calder              Dustin Byfuglien         40     1   2  2  

PowerPlay Defense
   Defense                  Defense                                           Time % Phy DF OF 
 1 Fedor Tyutin             Kristopher Letang                                 60     1   2  2  
 2 Mark Eaton               Toni Lydman                                       40     1   2  2  

Penalty Kill 4 Players Forward 
   Center                   Wing                     Time % Phy DF OF 
 1 R.J. Umberger            Chris Drury              60     1   2  2  
 2 Vaclav Prospal           Miroslav Satan           40     1   2  2  

Penalty Kill 4 Players Defense
   Defense                  Defense                  Time % Phy DF OF 
 1 Fedor Tyutin             Kristopher Letang        60     1   2  2  
 2 Mark Eaton               Toni Lydman              40     1   2  2  

Penalty Kill - 3 Players Forward 
   Forward                                           Time % Phy DF OF 
 1 R.J. Umberger                                     60     1   2  2  
 2 Chris Drury                                       40     1   2  2  

Penalty Kill - 3 Players Defense
   Defense                  Defense                  Time % Phy DF OF 
 1 Fedor Tyutin             Kristopher Letang        60     1   2  2  
 2 Mark Eaton               Toni Lydman              40     1   2  2  

4 vs 4 Forward 
   Center                   Wing                     Time % Phy DF OF 
 1 R.J. Umberger            Chris Drury              60     1   2  2  
 2 Vaclav Prospal           Miroslav Satan           40     1   2  2  

4 vs 4 Defense
   Defense                  Defense                  Time % Phy DF OF 
 1 Fedor Tyutin             Kristopher Letang        60     1   2  2  
 2 Mark Eaton               Toni Lydman              40     1   2  2  

Last Minutes Offensive
   Center                   Left Wing                Right Wing               Defense                  Defense                  
   Chris Drury              R.J. Umberger            Miroslav Satan           Fedor Tyutin             Kristopher Letang        

Last Minutes Defensive
   Center                   Left Wing                Right Wing               Defense                  Defense                  
   Chris Drury              R.J. Umberger            Miroslav Satan           Fedor Tyutin             Kristopher Letang        

Goaltenders
Starting : Julien Ellis             
Backup : Loïc Lacasse             

Extra Forwards
Normal : Alexei Kovalev, Matt Moulson, Pascal Dupuis - PP : Alexei Kovalev, Matt Moulson - PK : Pascal Dupuis
Extra Defensemen
Normal : Niclas Wallin, Niklas Kronwall, Mark Eaton - PP : Niclas Wallin - PK : Niklas Kronwall, Mark Eaton
Penalty Shots
R.J. Umberger, Chris Drury, Vaclav Prospal, Miroslav Satan, Dustin Byfuglien

% Time on Ice - Devils

Lines # - Real PCT - Wanted PCT - Time Play
Normal Forward
1 - 34% - 40% - 15:43
2 - 26% - 30% - 12:09
3 - 17% - 20% - 7:39
4 - 23% - 10% - 10:29
Normal Defense
1 - 44% - 40% - 20:04
2 - 26% - 30% - 12:07
3 - 17% - 20% - 8:00
4 - 13% - 10% - 5:49
PP Forward
1 - 57% - 60% - 7:58
2 - 43% - 40% - 6:02
PP Defense
1 - 53% - 60% - 7:26
2 - 47% - 40% - 6:34
PK Forward
1 - 0% - 60%
2 - 0% - 40%
PK Defense
1 - 0% - 60%
2 - 0% - 40%
PK3 Forward
1 - 0% - 60%
2 - 0% - 40%
PK3 Defense
1 - 0% - 60%
2 - 0% - 40%
44 Forward
1 - 0% - 60%
2 - 0% - 40%
44 Defense
1 - 0% - 60%
2 - 0% - 40%
Last Minute Offensive  - 0:00
Last Minute Defensive  - 0:00
Total
Forward - 60:00
Defense - 60:00

% Time on Ice - Nordiques

Lines # - Real PCT - Wanted PCT - Time Play
Normal Forward
1 - 36% - 40% - 16:34
2 - 29% - 30% - 13:29
3 - 22% - 20% - 9:58
4 - 13% - 10% - 5:59
Normal Defense
1 - 43% - 40% - 19:53
2 - 28% - 30% - 12:46
3 - 23% - 20% - 10:21
4 - 7% - 10% - 3:00
PP Forward
1 - 0% - 60%
2 - 0% - 40%
PP Defense
1 - 0% - 60%
2 - 0% - 40%
PK Forward
1 - 75% - 60% - 10:24
2 - 25% - 40% - 3:33
PK Defense
1 - 57% - 60% - 8:00
2 - 43% - 40% - 5:57
PK3 Forward
1 - 100% - 60% - 0:03
2 - 0% - 40% - 0:00
PK3 Defense
1 - 100% - 60% - 0:03
2 - 0% - 40% - 0:00
44 Forward
1 - 0% - 60%
2 - 0% - 40%
44 Defense
1 - 0% - 60%
2 - 0% - 40%
Last Minute Offensive  - 0:00
Last Minute Defensive  - 0:00
Total
Forward - 60:00
Defense - 60:00

Play by Play

1st period


0:01 of 1st period - Vincent Lecavalier wins face-off versus Chris Drury in neutral zone.
0:06 of 1st period - Wrist shot by Jordan Eberle.
0:06 of 1st period - Stopped by Julien Ellis with a rebound.
0:08 of 1st period - Snap shot by Vincent Lecavalier.
0:08 of 1st period - Shot Blocked by Fedor Tyutin.
0:26 of 1st period - Mike Komisarek is hit by Dustin Byfuglien and loses puck.
1:07 of 1st period - Snap shot by Mark Eaton.
1:07 of 1st period - Deflect By Nikolai Kulemin.
1:07 of 1st period - Shot Blocked by Karl Alzner.
1:07 of 1st period - Puck is out of play.
1:08 of 1st period - Steve Ott wins face-off versus Nikolai Kulemin in Devils zone.
1:21 of 1st period - Snap shot by Nikolai Kulemin.
1:21 of 1st period - Stopped by James Reimer with a rebound.
1:39 of 1st period - Miroslav Satan is hit by Steve Ott and loses puck.
2:13 of 1st period - Snap shot by Brad Richardson.
2:13 of 1st period - Stopped by Julien Ellis with a rebound.
2:15 of 1st period - Wrist shot by Brett Maclean.
2:15 of 1st period - Stopped by Julien Ellis without a rebound.
2:16 of 1st period - Vincent Lecavalier wins face-off versus Vaclav Prospal in Nordiques zone.
2:19 of 1st period - Wrist shot by Zach Parise.
2:19 of 1st period - Shot Misses the Net.
2:51 of 1st period - Slapshot by Kristopher Letang.
2:51 of 1st period - Shot Blocked by Mike Komisarek.
2:53 of 1st period - Snap shot by Alexei Kovalev.
2:53 of 1st period - Stopped by James Reimer with a rebound.
2:55 of 1st period - Snap shot by Fedor Tyutin.
2:55 of 1st period - Shot Misses the Net.
3:38 of 1st period - Wrist shot by Rich Peverley.
3:38 of 1st period - Stopped by James Reimer without a rebound.
3:39 of 1st period - Rich Peverley wins face-off versus Jamie Lundmark in Devils zone.
3:52 of 1st period - Wrist shot by Rich Peverley.
3:52 of 1st period - Stopped by James Reimer with a rebound.
4:21 of 1st period - Kristopher Letang is hit by Chris Mcallister and loses puck.
5:15 of 1st period - Toni Lydman is hit by Brett Maclean and loses puck.
5:53 of 1st period - Snap shot by Jamie Lundmark.
5:53 of 1st period - Shot Misses the Net.
6:03 of 1st period - Brent Sopel is hit by Rich Peverley and loses puck.
6:41 of 1st period - Slapshot by Fedor Tyutin.
6:41 of 1st period - Shot Misses the Net.
6:43 of 1st period - Wrist shot by Kristopher Letang.
6:43 of 1st period - Stopped by James Reimer with a rebound.
6:45 of 1st period - Snap shot by Kristopher Letang.
6:45 of 1st period - Shot Misses the Net.
6:59 of 1st period - Wrist shot by Nikolai Kulemin.
6:59 of 1st period - Shot Blocked by Jamie Lundmark.
7:17 of 1st period - Wrist shot by J.T. Brown.
7:17 of 1st period - Shot Misses the Net.
7:19 of 1st period - Wrist shot by J.T. Brown.
7:19 of 1st period - Stopped by Julien Ellis with a rebound.
7:21 of 1st period - Snap shot by Bryce Salvador.
7:21 of 1st period - Deflect By Fedor Tyutin.
7:21 of 1st period - Stopped by Julien Ellis without a rebound.
7:22 of 1st period - Chris Drury wins face-off versus Zach Parise in Nordiques zone.
7:49 of 1st period - Slapshot by Vaclav Prospal.
7:49 of 1st period - Shot Blocked by Mike Komisarek.
8:07 of 1st period - Snap shot by Vaclav Prospal.
8:07 of 1st period - Shot Blocked by Brent Sopel.
8:09 of 1st period - Slapshot by Fedor Tyutin.
8:09 of 1st period - Stopped by James Reimer without a rebound.
8:10 of 1st period - Rich Peverley wins face-off versus Steve Ott in Devils zone.
8:25 of 1st period - Wrist shot by Rich Peverley.
8:25 of 1st period - Shot Misses the Net.
8:37 of 1st period - Wrist shot by Miroslav Satan.
8:37 of 1st period - Stopped by James Reimer with a rebound.
8:39 of 1st period - Snap shot by Miroslav Satan.
8:39 of 1st period - Shot Misses the Net.
8:41 of 1st period - Wrist shot by R.J. Umberger.
8:41 of 1st period - Shot Misses the Net.
8:43 of 1st period - Wrist shot by Kristopher Letang.
8:43 of 1st period - Shot Blocked by Mike Komisarek.
8:45 of 1st period - Slapshot by Fedor Tyutin.
8:45 of 1st period - Shot Blocked by Mike Komisarek.
8:45 of 1st period - Mike Komisarek from Devils is injured at 8:45 of 1st period (Bruised Right Shoulder).
8:46 of 1st period - Vincent Lecavalier wins face-off versus Chris Drury in Devils zone.
9:13 of 1st period - Dustin Byfuglien is hit by Logan Couture and loses puck.
9:22 of 1st period - Snap shot by Brett Maclean.
9:22 of 1st period - Stopped by Julien Ellis without a rebound.
9:23 of 1st period - Chris Drury wins face-off versus Logan Couture in Nordiques zone.
9:55 of 1st period - Slapshot by Brent Sopel.
9:55 of 1st period - Stopped by Julien Ellis with a rebound.
10:05 of 1st period - Snap shot by Dustin Byfuglien.
10:05 of 1st period - Stopped by James Reimer with a rebound.
10:18 of 1st period - Minor Penalty to Rich Peverley for Hooking.
10:19 of 1st period - Logan Couture wins face-off versus Chris Drury in Nordiques zone.
11:10 of 1st period - Wrist shot by Vaclav Prospal.
11:10 of 1st period - Stopped by James Reimer with a rebound.
12:18 of 1st period - Penalty to Rich Peverley is over, Rich Peverley is back on ice.
12:33 of 1st period - Toni Lydman is hit by Vincent Lecavalier and loses puck.
13:03 of 1st period - Snap shot by Rich Peverley.
13:03 of 1st period - Shot Blocked by Bryce Salvador.
13:11 of 1st period - Wrist shot by Rich Peverley.
13:11 of 1st period - Shot Misses the Net.
13:47 of 1st period - Slapshot by Kristopher Letang.
13:47 of 1st period - Stopped by James Reimer without a rebound.
13:48 of 1st period - Logan Couture wins face-off versus Rich Peverley in Devils zone.
14:07 of 1st period - Rich Peverley is hit by Brett Maclean.
14:11 of 1st period - Slapshot by Fedor Tyutin.
14:11 of 1st period - Shot Misses the Net.
14:28 of 1st period - Icing by Niclas Wallin.
14:29 of 1st period - Chris Drury wins face-off versus Vincent Lecavalier in Nordiques zone.
14:45 of 1st period - Snap shot by Chris Drury.
14:45 of 1st period - Stopped by James Reimer without a rebound.
14:46 of 1st period - Logan Couture wins face-off versus Vaclav Prospal in Devils zone.
14:46 of 1st period - Logan Couture is hit by Fedor Tyutin.
14:58 of 1st period - Wrist shot by Evgeny Artyukhin.
14:58 of 1st period - Shot Misses the Net.
15:00 of 1st period - Snap shot by Logan Couture.
15:00 of 1st period - Goal by Logan Couture - Devils : 1 - Nordiques : 0.
15:01 of 1st period - Chris Drury wins face-off versus Vincent Lecavalier in neutral zone.
15:34 of 1st period - Slapshot by Dustin Byfuglien.
15:34 of 1st period - Shot Blocked by Brett Maclean.
15:36 of 1st period - Wrist shot by Vaclav Prospal.
15:36 of 1st period - Goal by Vaclav Prospal - Devils : 1 - Nordiques : 1.
15:37 of 1st period - Chris Drury wins face-off versus Vincent Lecavalier in neutral zone.
15:52 of 1st period - Snap shot by Zach Parise.
15:52 of 1st period - Stopped by Julien Ellis without a rebound.
15:53 of 1st period - Vaclav Prospal wins face-off versus Logan Couture in Nordiques zone.
16:29 of 1st period - Fedor Tyutin is hit by Kyle Cumiskey and loses puck.
16:50 of 1st period - Backhand shot by Brent Sopel.
16:50 of 1st period - Stopped by Julien Ellis with a rebound.
16:52 of 1st period - Snap shot by Evgeny Artyukhin.
16:52 of 1st period - Stopped by Julien Ellis with a rebound.
16:54 of 1st period - Slapshot by Brent Sopel.
16:54 of 1st period - Deflect By Logan Couture.
16:54 of 1st period - Stopped by Julien Ellis with a rebound.
16:56 of 1st period - Slapshot by Kyle Cumiskey.
16:56 of 1st period - Shot Blocked by Pascal Dupuis.
16:58 of 1st period - Wrist shot by Brett Maclean.
16:58 of 1st period - Stopped by Julien Ellis with a rebound.
17:00 of 1st period - Slapshot by Brent Sopel.
17:00 of 1st period - Deflect By Evgeny Artyukhin.
17:00 of 1st period - Shot Misses the Net.
17:00 of 1st period - Puck is out of play.
17:01 of 1st period - Vincent Lecavalier wins face-off versus Miroslav Satan in Nordiques zone.
17:20 of 1st period - Karl Alzner is hit by Chris Drury and loses puck.
17:30 of 1st period - Icing by R.J. Umberger.
17:31 of 1st period - Miroslav Satan wins face-off versus Jamie Lundmark in Nordiques zone.
17:33 of 1st period - Icing by Chris Drury.
17:34 of 1st period - Vaclav Prospal wins face-off versus Jamie Lundmark in Nordiques zone.
18:25 of 1st period - Double Minor Penalty to R.J. Umberger for Slashing.
18:26 of 1st period - Logan Couture wins face-off versus Pascal Dupuis in Nordiques zone.
18:36 of 1st period - Snap shot by Zach Parise.
18:36 of 1st period - Shot Misses the Net.
19:08 of 1st period - Evgeny Artyukhin is hit by Kyle Calder and loses puck.
19:25 of 1st period - Wrist shot by Evgeny Artyukhin.
19:25 of 1st period - Stopped by Julien Ellis with a rebound.
19:27 of 1st period - Wrist shot by Evgeny Artyukhin.
19:27 of 1st period - Shot Misses the Net.
19:29 of 1st period - Wrist shot by Brett Maclean.
19:29 of 1st period - Shot Misses the Net.
19:31 of 1st period - Wrist shot by Vincent Lecavalier.
19:31 of 1st period - Stopped by Julien Ellis without a rebound.
19:32 of 1st period - Logan Couture wins face-off versus Pascal Dupuis in Nordiques zone.
19:41 of 1st period - Snap shot by Logan Couture.
19:41 of 1st period - Deflect By Mark Eaton.
19:41 of 1st period - Shot Misses the Net.
19:41 of 1st period - Puck is out of play.
19:42 of 1st period - Pascal Dupuis wins face-off versus Logan Couture in Nordiques zone.
Goals for this period are 1 for Devils vs 1 for Nordiques.
Shots for this period are 15 for Devils vs 12 for Nordiques.

2nd period


0:01 of 2nd period - Logan Couture wins face-off versus Pascal Dupuis in neutral zone.
1:10 of 2nd period - Jarret Stoll is hit by Jordan Eberle and loses puck.
1:59 of 2nd period - Toni Lydman is hit by Brad Richardson and loses puck.
2:25 of 2nd period - Penalty to R.J. Umberger is over, R.J. Umberger is back on ice.
2:28 of 2nd period - Kristopher Letang is hit by J.T. Brown and loses puck.
2:29 of 2nd period - Kristopher Letang from Nordiques is injured at 2:29 of 2nd period (Strained Left Knee).
2:30 of 2nd period - Chris Drury wins face-off versus Vincent Lecavalier in Nordiques zone.
2:45 of 2nd period - Wrist shot by Chris Drury.
2:45 of 2nd period - Stopped by James Reimer without a rebound.
2:46 of 2nd period - Vaclav Prospal wins face-off versus Logan Couture in Devils zone.
2:49 of 2nd period - Wrist shot by Dustin Byfuglien.
2:49 of 2nd period - Shot Misses the Net.
2:51 of 2nd period - Snap shot by Vaclav Prospal.
2:51 of 2nd period - Shot Blocked by Logan Couture.
2:53 of 2nd period - Slapshot by Kyle Calder.
2:53 of 2nd period - Stopped by James Reimer without a rebound.
2:54 of 2nd period - Logan Couture wins face-off versus Vaclav Prospal in Devils zone.
3:03 of 2nd period - Vaclav Prospal is hit by Kyle Cumiskey.
3:30 of 2nd period - Slapshot by Kyle Calder.
3:30 of 2nd period - Stopped by James Reimer with a rebound.
3:32 of 2nd period - Snap shot by Kyle Calder.
3:32 of 2nd period - Shot Misses the Net.
5:20 of 2nd period - Snap shot by Kyle Calder.
5:20 of 2nd period - Stopped by James Reimer without a rebound.
5:21 of 2nd period - Vincent Lecavalier wins face-off versus R.J. Umberger in Devils zone.
5:32 of 2nd period - Snap shot by Chris Drury.
5:32 of 2nd period - Deflect By Zach Parise.
5:32 of 2nd period - Stopped by James Reimer without a rebound.
5:33 of 2nd period - Chris Drury wins face-off versus Vincent Lecavalier in Devils zone.
5:36 of 2nd period - Snap shot by R.J. Umberger.
5:36 of 2nd period - Shot Hit the Post.
6:20 of 2nd period - Mark Eaton is hit by J.T. Brown and loses puck.
6:29 of 2nd period - Slapshot by Alexandre Burrows.
6:29 of 2nd period - Deflect By J.T. Brown.
6:29 of 2nd period - Stopped by Julien Ellis without a rebound.
6:30 of 2nd period - Chris Drury wins face-off versus Jamie Lundmark in Nordiques zone.
6:30 of 2nd period - Chris Drury is hit by J.T. Brown.
6:36 of 2nd period - Bryce Salvador is hit by Mark Eaton.
6:44 of 2nd period - Greg Zanon is hit by Niklas Kronwall.
6:56 of 2nd period - Icing by Toni Lydman.
6:57 of 2nd period - Chris Drury wins face-off versus Vincent Lecavalier in Nordiques zone.
7:06 of 2nd period - Alexei Kovalev is hit by Vincent Lecavalier and loses puck.
7:28 of 2nd period - Off-side.
7:29 of 2nd period - Vincent Lecavalier wins face-off versus Chris Drury in neutral zone.
7:40 of 2nd period - Wrist shot by Zach Parise.
7:40 of 2nd period - Stopped by Julien Ellis without a rebound.
7:41 of 2nd period - Chris Drury wins face-off versus Jordan Eberle in Nordiques zone.
7:53 of 2nd period - Icing by Karl Alzner.
7:54 of 2nd period - Chris Drury wins face-off versus Jordan Eberle in Devils zone.
8:05 of 2nd period - Wrist shot by Vincent Lecavalier.
8:05 of 2nd period - Deflect By Jordan Eberle.
8:05 of 2nd period - Stopped by Julien Ellis without a rebound.
8:06 of 2nd period - Vincent Lecavalier wins face-off versus Chris Drury in Nordiques zone.
8:13 of 2nd period - Wrist shot by Vincent Lecavalier.
8:13 of 2nd period - Stopped by Julien Ellis without a rebound.
8:14 of 2nd period - Vincent Lecavalier wins face-off versus Chris Drury in Nordiques zone.
8:41 of 2nd period - Slapshot by Vincent Lecavalier.
8:41 of 2nd period - Deflect By Niklas Kronwall.
8:41 of 2nd period - Goal by Vincent Lecavalier - Devils : 2 - Nordiques : 1.
8:42 of 2nd period - Chris Drury wins face-off versus Vincent Lecavalier in neutral zone.
9:07 of 2nd period - Brett Maclean is hit by Toni Lydman and loses puck.
9:14 of 2nd period - Slapshot by Dustin Byfuglien.
9:14 of 2nd period - Stopped by James Reimer with a rebound.
9:16 of 2nd period - Wrist shot by Kyle Calder.
9:16 of 2nd period - Stopped by James Reimer with a rebound.
9:54 of 2nd period - Wrist shot by Miroslav Satan.
9:54 of 2nd period - Stopped by James Reimer with a rebound.
9:56 of 2nd period - Snap shot by Chris Drury.
9:56 of 2nd period - Deflect By Vincent Lecavalier.
9:56 of 2nd period - Shot Misses the Net.
9:56 of 2nd period - Puck is out of play.
9:57 of 2nd period - Vaclav Prospal wins face-off versus Steve Ott in Devils zone.
10:10 of 2nd period - Dustin Byfuglien is hit by Steve Ott and loses puck.
10:55 of 2nd period - Slapshot by Toni Lydman.
10:55 of 2nd period - Goal by Toni Lydman - Devils : 2 - Nordiques : 2.
10:56 of 2nd period - Chris Drury wins face-off versus Vincent Lecavalier in neutral zone.
11:16 of 2nd period - Karl Alzner is hit by R.J. Umberger and loses puck.
11:37 of 2nd period - Wrist shot by Vaclav Prospal.
11:37 of 2nd period - Shot Misses the Net.
11:58 of 2nd period - Snap shot by Alexandre Burrows.
11:58 of 2nd period - Stopped by Julien Ellis without a rebound.
11:59 of 2nd period - Chris Drury wins face-off versus Vincent Lecavalier in Nordiques zone.
12:11 of 2nd period - Wrist shot by Vincent Lecavalier.
12:11 of 2nd period - Stopped by Julien Ellis without a rebound.
12:12 of 2nd period - Vincent Lecavalier wins face-off versus Chris Drury in Nordiques zone.
12:34 of 2nd period - Minor Penalty to Toni Lydman for Charging.
12:35 of 2nd period - Logan Couture wins face-off versus R.J. Umberger in Nordiques zone.
12:39 of 2nd period - Slapshot by Logan Couture.
12:39 of 2nd period - Stopped by Julien Ellis without a rebound.
12:40 of 2nd period - Zach Parise wins face-off versus R.J. Umberger in Nordiques zone.
12:47 of 2nd period - Wrist shot by Logan Couture.
12:47 of 2nd period - Shot Misses the Net.
12:49 of 2nd period - Wrist shot by Jordan Eberle.
12:49 of 2nd period - Shot Blocked by Fedor Tyutin.
14:34 of 2nd period - Penalty to Toni Lydman is over, Toni Lydman is back on ice.
14:39 of 2nd period - Alexei Kovalev is hit by Kyle Cumiskey and loses puck.
14:46 of 2nd period - Brent Sopel is hit by Toni Lydman and loses puck.
15:10 of 2nd period - Jamie Lundmark is hit by Pascal Dupuis.
15:48 of 2nd period - Evgeny Artyukhin is hit by Miroslav Satan and loses puck.
16:06 of 2nd period - Niclas Wallin is hit by Logan Couture and loses puck.
16:23 of 2nd period - Dustin Byfuglien is hit by Evgeny Artyukhin and loses puck.
16:50 of 2nd period - Karl Alzner is hit by Dustin Byfuglien.
16:54 of 2nd period - Dustin Byfuglien is hit by Evgeny Artyukhin and loses puck.
17:03 of 2nd period - Snap shot by Logan Couture.
17:03 of 2nd period - Deflect By Brett Maclean.
17:03 of 2nd period - Goal by Brett Maclean - Devils : 3 - Nordiques : 2.
17:04 of 2nd period - Chris Drury wins face-off versus Vincent Lecavalier in neutral zone.
17:36 of 2nd period - Greg Zanon is hit by Rich Peverley and loses puck.
18:55 of 2nd period - Kyle Calder is hit by Chris Mcallister and loses puck.
19:14 of 2nd period - Greg Zanon is hit by Toni Lydman.
19:29 of 2nd period - Logan Couture is hit by Mark Eaton and loses puck.
Goals for this period are 2 for Devils vs 1 for Nordiques.
Shots for this period are 9 for Devils vs 9 for Nordiques.

3rd period


0:01 of 3rd period - Chris Drury wins face-off versus Jordan Eberle in neutral zone.
0:10 of 3rd period - Snap shot by Zach Parise.
0:10 of 3rd period - Stopped by Julien Ellis with a rebound.
0:12 of 3rd period - Wrist shot by Jordan Eberle.
0:12 of 3rd period - Stopped by Julien Ellis with a rebound.
0:14 of 3rd period - Slapshot by Jordan Eberle.
0:14 of 3rd period - Shot Misses the Net.
0:16 of 3rd period - Wrist shot by Zach Parise.
0:16 of 3rd period - Shot Misses the Net.
1:47 of 3rd period - Brent Sopel is hit by Niclas Wallin.
1:51 of 3rd period - Brett Maclean is hit by Matt Moulson and loses puck.
2:10 of 3rd period - Wrist shot by Steve Ott.
2:10 of 3rd period - Deflect By Brett Maclean.
2:10 of 3rd period - Shot Misses the Net.
2:10 of 3rd period - Puck is out of play.
2:11 of 3rd period - Chris Drury wins face-off versus Zach Parise in Nordiques zone.
2:27 of 3rd period - Niclas Wallin is hit by Vincent Lecavalier and loses puck.
2:38 of 3rd period - Miroslav Satan is hit by J.T. Brown and loses puck.
2:48 of 3rd period - Icing by R.J. Umberger.
2:49 of 3rd period - Chris Drury wins face-off versus Vincent Lecavalier in Nordiques zone.
3:04 of 3rd period - Chris Drury is hit by Jordan Eberle and loses puck.
3:15 of 3rd period - Snap shot by Evgeny Artyukhin.
3:15 of 3rd period - Shot Blocked by Niclas Wallin.
3:17 of 3rd period - Snap shot by Kyle Cumiskey.
3:17 of 3rd period - Shot Misses the Net.
3:47 of 3rd period - Niclas Wallin is hit by J.T. Brown and loses puck.
4:31 of 3rd period - Greg Zanon is hit by Fedor Tyutin and loses puck.
4:44 of 3rd period - Greg Zanon is hit by Mark Eaton and loses puck.
5:13 of 3rd period - Kyle Cumiskey is hit by R.J. Umberger and loses puck.
5:28 of 3rd period - Wrist shot by Evgeny Artyukhin.
5:28 of 3rd period - Goal by Evgeny Artyukhin - Devils : 4 - Nordiques : 2.
5:29 of 3rd period - Logan Couture wins face-off versus Chris Drury in neutral zone.
5:46 of 3rd period - Kyle Cumiskey is hit by Chris Drury and loses puck.
6:04 of 3rd period - Vaclav Prospal is hit by Jamie Lundmark and loses puck.
6:24 of 3rd period - Karl Alzner is hit by Alexei Kovalev and loses puck.
6:46 of 3rd period - Nikolai Kulemin is hit by Vincent Lecavalier and loses puck.
7:15 of 3rd period - Minor Penalty to Mark Eaton for Tripping.
7:16 of 3rd period - R.J. Umberger wins face-off versus Logan Couture in Nordiques zone.
7:16 of 3rd period - R.J. Umberger is hit by Jordan Eberle.
7:26 of 3rd period - Snap shot by Zach Parise.
7:26 of 3rd period - Shot Misses the Net.
7:46 of 3rd period - Chris Drury is hit by Evgeny Artyukhin and loses puck.
7:47 of 3rd period - Chris Drury from Nordiques is injured at 7:47 of 3rd period (Broken Bone (Left Ankle)).
7:48 of 3rd period - R.J. Umberger wins face-off versus Logan Couture in Nordiques zone.
7:59 of 3rd period - Wrist shot by Jordan Eberle.
7:59 of 3rd period - Shot Misses the Net.
8:01 of 3rd period - Snap shot by Logan Couture.
8:01 of 3rd period - Stopped by Julien Ellis with a rebound.
8:13 of 3rd period - Fedor Tyutin is hit by Greg Zanon and loses puck.
8:20 of 3rd period - Slapshot by Vincent Lecavalier.
8:20 of 3rd period - Shot Blocked by Pascal Dupuis.
8:22 of 3rd period - Snap shot by Brett Maclean.
8:22 of 3rd period - Shot Misses the Net.
9:02 of 3rd period - Kyle Cumiskey is hit by Niclas Wallin and loses puck.
9:11 of 3rd period - Minor Penalty to Toni Lydman for Hooking.
9:12 of 3rd period - Logan Couture wins face-off versus R.J. Umberger in Nordiques zone.
9:15 of 3rd period - Penalty to Mark Eaton is over, Mark Eaton is back on ice.
9:30 of 3rd period - Off-side.
9:31 of 3rd period - Vincent Lecavalier wins face-off versus R.J. Umberger in neutral zone.
10:30 of 3rd period - Kyle Calder is hit by Zach Parise and loses puck.
11:11 of 3rd period - Penalty to Toni Lydman is over, Toni Lydman is back on ice.
11:23 of 3rd period - Snap shot by Toni Lydman.
11:23 of 3rd period - Shot Misses the Net.
11:25 of 3rd period - Slapshot by Alexei Kovalev.
11:25 of 3rd period - Stopped by James Reimer without a rebound.
11:26 of 3rd period - Jamie Lundmark wins face-off versus Rich Peverley in Devils zone.
11:33 of 3rd period - Slapshot by Rich Peverley.
11:33 of 3rd period - Shot Misses the Net.
11:35 of 3rd period - Snap shot by Alexei Kovalev.
11:35 of 3rd period - Shot Misses the Net.
11:39 of 3rd period - Wrist shot by Rich Peverley.
11:39 of 3rd period - Stopped by James Reimer with a rebound.
11:41 of 3rd period - Snap shot by Niklas Kronwall.
11:41 of 3rd period - Shot Blocked by Kyle Cumiskey.
13:05 of 3rd period - Wrist shot by Jamie Lundmark.
13:05 of 3rd period - Stopped by Julien Ellis with a rebound.
13:15 of 3rd period - Matt Moulson is hit by Bryce Salvador and loses puck.
13:22 of 3rd period - Wrist shot by Steve Ott.
13:22 of 3rd period - Shot Misses the Net.
13:24 of 3rd period - Snap shot by Brett Maclean.
13:24 of 3rd period - Shot Blocked by Niklas Kronwall.
13:36 of 3rd period - Rich Peverley is hit by Evgeny Artyukhin and loses puck.
13:53 of 3rd period - Snap shot by R.J. Umberger.
13:53 of 3rd period - Shot Misses the Net.
14:23 of 3rd period - Wrist shot by Miroslav Satan.
14:23 of 3rd period - Deflect By Greg Zanon.
14:23 of 3rd period - Shot Blocked by Greg Zanon.
14:23 of 3rd period - Puck is out of play.
14:24 of 3rd period - Jarret Stoll wins face-off versus Steve Ott in Devils zone.
14:29 of 3rd period - Wrist shot by Miroslav Satan.
14:29 of 3rd period - Stopped by James Reimer with a rebound.
14:31 of 3rd period - Slapshot by Miroslav Satan.
14:31 of 3rd period - Shot Blocked by Evgeny Artyukhin.
14:33 of 3rd period - Slapshot by Miroslav Satan.
14:33 of 3rd period - Shot Misses the Net.
14:52 of 3rd period - Minor Penalty to Fedor Tyutin for Hooking.
14:53 of 3rd period - R.J. Umberger wins face-off versus Logan Couture in Nordiques zone.
14:59 of 3rd period - Icing by Jordan Eberle.
15:00 of 3rd period - R.J. Umberger wins face-off versus Logan Couture in Devils zone.
15:01 of 3rd period - Snap shot by Pascal Dupuis.
15:01 of 3rd period - Stopped by James Reimer without a rebound.
15:02 of 3rd period - Logan Couture wins face-off versus R.J. Umberger in Devils zone.
15:07 of 3rd period - Slapshot by Brent Sopel.
15:07 of 3rd period - Stopped by Julien Ellis with a rebound.
15:09 of 3rd period - Snap shot by Jordan Eberle.
15:09 of 3rd period - Shot Misses the Net.
15:29 of 3rd period - Wrist shot by Zach Parise.
15:29 of 3rd period - Shot Blocked by Toni Lydman.
15:31 of 3rd period - Slapshot by Jordan Eberle.
15:31 of 3rd period - Shot Misses the Net.
16:17 of 3rd period - Snap shot by Jordan Eberle.
16:17 of 3rd period - Shot Misses the Net.
16:19 of 3rd period - Slapshot by Kyle Cumiskey.
16:19 of 3rd period - Stopped by Julien Ellis with a rebound.
16:27 of 3rd period - Snap shot by Zach Parise.
16:27 of 3rd period - Shot Misses the Net.
16:31 of 3rd period - Wrist shot by Jordan Eberle.
16:31 of 3rd period - Deflect By Zach Parise.
16:31 of 3rd period - Shot Misses the Net.
16:31 of 3rd period - Puck is out of play.
16:32 of 3rd period - Vincent Lecavalier wins face-off versus R.J. Umberger in Nordiques zone.
16:52 of 3rd period - Penalty to Fedor Tyutin is over, Fedor Tyutin is back on ice.
17:34 of 3rd period - Off-side.
17:35 of 3rd period - Pascal Dupuis wins face-off versus Brad Richardson in neutral zone.
18:49 of 3rd period - Jordan Eberle is hit by Nikolai Kulemin and loses puck.
19:10 of 3rd period - Vincent Lecavalier is hit by R.J. Umberger and loses puck.
19:21 of 3rd period - Greg Zanon is hit by Matt Moulson.
19:39 of 3rd period - Greg Zanon is hit by Pascal Dupuis and loses puck.
19:50 of 3rd period - Minor Penalty to Niklas Kronwall for Roughing.
19:51 of 3rd period - Vincent Lecavalier wins face-off versus R.J. Umberger in Nordiques zone.
Goals for this period are 1 for Devils vs 0 for Nordiques.
Shots for this period are 7 for Devils vs 4 for Nordiques.